 Dungeon Crawl Stone Soup version 0.25-a0-1024-gbfbf38f2cb (webtiles) character file.

Game seed: 777624277266676086, levelgen mode: classic

7414 Amnesiac the Slinger (level 10, -1/84 HPs)
             Began as a Deep Elf Fighter on May 12, 2020.
             Was a High Priest of Okawaru.
             Slain by an orc knight
             ... wielding a +0 long sword
              (2 damage)
             ... on level 1 of the Orcish Mines.
             The game lasted 00:46:27 (16888 turns).

Amnesiac the Slinger (Deep Elf Fighter)            Turns: 16888, Time: 00:46:28

Health: -1/84      AC: 25    Str: 16    XL:     10   Next: 93%
Magic:  18/18      EV:  2    Int: 18    God:    Okawaru [*****.]
Gold:   669        SH: 11    Dex: 14    Spells: 9/9 levels left

rFire    . . .     SeeInvis .   a - +5 scimitar
rCold    . . .     Gourm    .   R - +2 kite shield {rPois}
rNeg     + + +     Faith    .   (armour currently unavailable)
rPois    +         Spirit   .   (helmet currently unavailable)
rElec    .         Reflect  .   (cloak currently unavailable)
rCorr    .         Harm     .   (gloves currently unavailable)
MR       +....     Rnd*Rage +   (boots currently unavailable) Stlth +.........NoTele +
                                I - amulet of rage
HPRegen  0.24/turn              B - +4 ring of intelligence
MPRegen  0.16/turn              (no ring)

@: tree-form, berserk cooldown, slowed, very slow
A: berserk 1, blurry vision 1
a: Heroism, Finesse, Renounce Religion, Evoke Berserk Rage


You were on level 1 of the Orcish Mines.
You worshipped Okawaru.
Okawaru was extremely pleased with you.
You were very hungry.
You were a tree.
You visited 3 branches of the dungeon, and saw 11 of its levels.
You also visited: Sewer.

You collected 994 gold pieces.
You spent 325 gold pieces at shops.

Inventory:

Hand Weapons
 a - a +5 scimitar (weapon)
 b - a +1 hunting sling
 H - a +0 rapier
 O - a +4 dagger of chaos
Missiles
 i - 128 stones
 k - 17 boomerangs
 p - 34 poisoned darts
 K - 25 sling bullets
 L - 3 atropa-tipped darts (quivered)
 P - a throwing net
Armour
 c - a +0 kite shield
 l - the +3 ring mail of the Foremost Wonders {rPois rF+++ rC+ Str-4}
   (You found it on level 4 of the Dungeon)

   It affects your strength (-4).
   It renders you almost immune to fire.
   It protects you from cold.
   It protects you from poison.
 n - a +0 buckler
 r - a +2 pair of gloves (melded)
 y - the cursed +1 ring mail of Imacaon (melded) {+Blink}
   (You found it on level 4 of the Dungeon)

   It lets you blink.
   It has a curse placed upon it.
 R - a +2 kite shield of poison resistance (worn)
Jewellery
 B - a +4 ring of intelligence (left branch)
 D - an uncursed ring of ice
 I - an amulet of rage (around neck)
 N - a cursed +3 ring of strength
Wands
 m - a wand of flame (8)
 q - a wand of digging (1)
Scrolls
 d - 3 scrolls of magic mapping {!r}
 e - a scroll of brand weapon {!r}
 h - a scroll of blinking {!r}
 j - 2 scrolls of immolation {!r}
 s - 10 scrolls of teleportation {!r}
 u - 3 scrolls of fog {!r}
 v - 4 scrolls of remove curse {!r}
 S - 3 scrolls of identify {!r}
Potions
 g - 7 potions of curing {!q}
 o - 4 potions of heal wounds {!q}
 t - 2 potions of lignification {!q}
 w - a potion of stabbing {!q}
 x - 2 potions of cancellation {!q, unknown}
 z - a potion of invisibility {!q, unknown}
 A - a potion of magic {!q, unknown}
 C - 2 potions of brilliance {!q, unknown}
 E - 2 potions of haste {!q}
 F - a potion of resistance {!q, unknown}
 J - a potion of flight {!q}
 M - a potion of degeneration {!q, unknown}
Comestibles
 f - 14 rations
 G - a chunk of flesh


   Skills:
 - Level 3.0 Fighting
 - Level 8.0 Short Blades
 * Level 10.0 Slings
 - Level 3.0 Armour
 - Level 3.0 Dodging
 - Level 3.0 Shields
 - Level 8.0 Invocations
 - Level 3.0 Evocations


You had 9 spell levels left.
You didn't know any spells.
Your spell library contained the following spells:

 Spells                   Type           Power        Failure   Level  Hunger
 Corona                   Hex            #......      71%         1    ##.....
 Freeze                   Ice            #...         71%         1    ##.....
 Slow                     Hex            #.......     83%         2    ###....
 Frozen Ramparts          Ice            #.....       97%         3    ####...
 Inner Flame              Hex/Fire       #.......     97%         3    ####...
 Ozocubu's Armour         Chrm/Ice       #.......     97%         3    ####...
 Portal Projectile        Hex/Tloc       #.....       97%         3    ####...
 Cause Fear               Hex            #.........   100%        4    #####..
 Hailstorm                Conj/Ice       #.......     100%        4    #####..
 Leda's Liquefaction      Hex/Erth       #.........   100%        4    #####..
 Summon Ice Beast         Ice/Summ       #.......     100%        4    #####..


Dungeon Overview and Level Annotations

Branches:
Dungeon (9/15)             Temple (1/1) D:4             Orc (1/2) D:9
  Sewer (visited)
   Lair: D:8-11

Altars:
Ashenzari
Cheibriados
Elyvilon
Fedhas
Gozag
Hepliaklqana
Kikubaaqudgha
Makhleb
Nemelex Xobeh
Okawaru
Qazlal
Ru
Trog
Vehumet
Xom
Yredelemnul
Zin

Shops:
D:5 %   D:6 ?   D:9 *


Innate Abilities, Weirdness & Mutations

You tend to lose your temper in combat.
Scrolls take you a little longer to read.


Message History

You hit the orc knight.
The orc knight is moderately wounded.
The warg bites you but does no damage.
You closely miss the orc knight.
The orc knight is moderately wounded.
You block the orc knight's attack. The warg bites you but does no damage.
You hit the orc knight but do no damage.
The orc knight is heavily wounded.
The warg bites you but does no damage.
The orc knight hits you with a +0 long sword!
* * * LOW HITPOINT WARNING * * *
You closely miss the orc knight.
The orc knight is heavily wounded.
You block the warg's attack. You block the orc knight's attack.
You closely miss the orc knight.
The orc knight is heavily wounded.
The warg bites you.
* * * LOW HITPOINT WARNING * * *
You closely miss the orc priest. The warg bites you but does no damage.
The orc knight roars a battlecry!
The orc priest goes into a battle-frenzy!
You block the orc priest's attack.
You hit the orc priest.
The orc priest is moderately wounded.
The warg bites you.
* * * LOW HITPOINT WARNING * * *
The orc knight hits you but does no damage.
You block the orc priest's attack. The warg completely misses you.
You riposte.
You closely miss the warg. You slash the orc priest!
You kill the orc priest!
Okawaru accepts your kill.
The orc knight hits you with a +0 long sword.
* * * LOW HITPOINT WARNING * * *
You block the warg's attack.
You slice the warg!!
The warg is severely wounded.
The warg bites you but does no damage.
You slash the warg!
You kill the warg!
Okawaru accepts your kill.
Your Slings skill increases to level 10!
The orc knight hits you with a +0 long sword.
* * * LOW HITPOINT WARNING * * *
You closely miss the orc knight.
The orc knight is heavily wounded.
You block the orc knight's attack.
You completely miss the orc knight.
The orc knight is heavily wounded.
You barely miss the orc knight.
The orc knight is heavily wounded.
The orc knight hits you with a +0 long sword!
* * * LOW HITPOINT WARNING * * *
You closely miss the orc knight.
The orc knight is heavily wounded.
The orc knight hits you with a +0 long sword.
* * * LOW HITPOINT WARNING * * *
You slash the orc knight!
The orc knight is heavily wounded.
You are no longer berserk.
You are exhausted.
You feel yourself slow down.
The orc knight hits you with a +0 long sword.
You die...

.....................
...#..(.(......).....
.....................
.......(.............
......(...#..........
#.......##.........
#((..#......##...
##((........##....
#♣o(..#...####...#
##[(####.## #...##
#### ### ##.## ###


You could see an orc knight (poisoned).

Vanquished Creatures
  An orc high priest (D:9)
  An orc knight (D:9)
  Pikel (D:4)
  A black mamba (D:9)
  Grinder (D:4)
  A hippogriff (D:8)
  4 wargs
  A naga (D:7)
  8 orc warriors
  A black bear (D:6)
  2 slaves
  2 ice beasts
  8 ogres
  A phantom (D:8)
  2 sky beasts (D:9)
  A centaur (D:9)
  A crocodile (D:7)
  A big kobold (D:8)
  6 bullfrogs
  A gnoll sergeant (D:9)
  A scorpion (D:5)
  7 wights
  2 howler monkeys
  2 crimson imps
  A jelly (D:6)
  6 hounds
  A bullfrog skeleton (D:5)
  A centaur skeleton (D:5)
  9 orc priests
  6 orc wizards
  4 iguanas
  3 worker ants
  A hound zombie (D:7)
  A hound skeleton (D:4)
  A worker ant zombie (D:7)
  16 gnolls
  20 adders
  8 river rats
  A shadow imp (D:5)
  2 oozes
  2 adder zombies
  A worm (D:4)
  4 dart slugs
  8 leopard geckos
  45 orcs
  11 ball pythons
  8 bats
  6 giant cockroaches
  8 goblins
  8 hobgoblins
  14 jackals
  4 kobolds
  7 quokkas
  A ball python skeleton (D:4)
  7 frilled lizards
  A jackal skeleton (D:4)
  A leopard gecko zombie (D:5)
  29 rats
303 creatures vanquished.

Vanquished Creatures (others)
  2 slaves (D:5)
2 creatures vanquished.

Grand Total: 305 creatures vanquished

Notes
Turn   | Place    | Note
-------+----------+-------------------------------------------
     0 | D:1      | Amnesiac the Deep Elf Fighter began the quest for the Orb.
     0 | D:1      | Reached XP level 1. HP: 13/13 MP: 3/3
   286 | D:1      | Reached XP level 2. HP: 4/18 MP: 4/4
  1027 | D:1      | Reached XP level 3. HP: 22/22 MP: 5/5
  1832 | D:2      | Noticed a bullfrog
  1869 | D:2      | Killed a bullfrog
  1869 | D:2      | Reached XP level 4. HP: 15/28 MP: 6/6
  2099 | D:2      | Reached XP level 5. HP: 32/32 MP: 7/7
  2175 | D:2      | Found a blossoming altar of Fedhas.
  2991 | D:3      | Reached skill level 5 in Short Blades
  3074 | D:3      | Reached skill level 1 in Dodging
  3832 | D:3      | Reached XP level 6. HP: 37/37 MP: 8/8
  4300 | D:4      | Got a crude ring mail
  4610 | D:4      | Found a staircase to the Ecumenical Temple.
  4715 | Temple   | Entered the Ecumenical Temple
  4735 | Temple   | Became a worshipper of Warmaster Okawaru
  4829 | D:4      | Got a turquoise-encrusted ring mail
  4853 | D:4      | Identified the +3 ring mail of the Foremost Wonders {rPois
                  | rF+++ rC+ Str-4} (You found it on level 4 of the Dungeon)
  4863 | D:4      | Identified the cursed +1 ring mail of Imacaon {+Blink} (You
                  | found it on level 4 of the Dungeon)
  5078 | D:5      | Entered Level 5 of the Dungeon
  5114 | D:5      | Found a glowing drain.
  5194 | Sewer    | Entered a sewer
  5818 | Sewer    | Reached XP level 7. HP: 37/41 MP: 9/9
  5997 | Sewer    | Reached skill level 1 in Evocations
  6636 | D:5      | Reached * piety under Okawaru
  6913 | D:5      | Noticed Grinder
  7243 | D:4      | Killed Grinder
  7243 | D:4      | Reached skill level 1 in Slings
  7243 | D:4      | Reached skill level 1 in Invocations
  7243 | D:4      | Reached XP level 8. HP: 43/46 MP: 12/12
  7276 | D:5      | Reached skill level 2 in Slings
  7298 | D:5      | Noticed Pikel
  7303 | D:5      | Reached ** piety under Okawaru
  7360 | D:4      | Killed Pikel
  7360 | D:4      | Reached skill level 4 in Slings
  7965 | D:5      | Found Ziungon's Food Shop.
  8094 | D:6      | Found a white marble altar of Elyvilon.
  8185 | D:6      | Reached XP level 9. HP: 31/50 MP: 9/14
  8316 | D:6      | Reached *** piety under Okawaru
  8405 | D:6      | Reached skill level 5 in Slings
  8415 | D:6      | Found a shattered altar of Ashenzari.
  8596 | D:6      | Found a stormy altar of Qazlal.
  8916 | D:6      | Reached skill level 5 in Invocations
  8956 | D:6      | Found Awnojem's Magic Scroll Emporium.
  8987 | D:6      | Bought a scroll of identify for 26 gold pieces
  8987 | D:6      | Bought a scroll of brand weapon for 260 gold pieces
  8989 | D:6      | Bought a scroll of noise for 13 gold pieces
  8991 | D:6      | Bought a scroll of identify for 26 gold pieces
  9098 | D:7      | Found a snail-covered altar of Cheibriados.
  9118 | D:7      | Found a shimmering altar of Xom.
  9119 | D:7      | Found a hazy altar of Hepliaklqana.
  9120 | D:7      | Noticed a spectral ugly thing
  9966 | D:7      | Reached skill level 6 in Slings
 10045 | D:7      | Found a radiant altar of Vehumet.
 10102 | D:7      | Reached **** piety under Okawaru
 10528 | D:7      | Found a basalt altar of Yredelemnul.
 10711 | D:7      | Found a glowing silver altar of Zin.
 10712 | D:7      | Found an opulent altar of Gozag.
 11347 | D:8      | Found a blossoming altar of Fedhas.
 11417 | D:8      | Received a gift from Okawaru
 11417 | D:8      | Reached skill level 7 in Slings
 11653 | D:8      | Noticed Psyche
 11662 | D:8      | Noticed Psyche
 11662 | D:8      | Psyche changed into Psyche the naga
 11680 | D:7      | Killed Psyche the naga
 12369 | D:9      | Found a staircase to the Orcish Mines.
 12378 | D:9      | Found Erryaxofee's General Store.
 12770 | D:9      | Reached XP level 10. HP: 56/56 MP: 17/17
 14162 | D:9      | Reached skill level 8 in Slings
 14510 | Orc:1    | Entered Level 1 of the Orcish Mines
 14957 | D:9      | Noticed a black mamba
 14957 | D:9      | an orc warrior changed into a black mamba
 14980 | D:9      | Killed a black mamba
 15151 | Orc:1    | Received a gift from Okawaru
 15428 | Orc:1    | Noticed an orc high priest
 15448 | D:9      | Gained mutation: Scrolls take you a little longer to read.
                  | [a neqoxec]
 15453 | D:9      | Noticed an orange demon
 15456 | D:9      | HP: 3/84 [orange demon[an orc high priest] (10)]
 15456 | D:9      | Gained mutation: You tend to lose your temper in combat. [a
                  | neqoxec]
 15458 | D:9      | Killed an orc high priest
 15759 | Orc:1    | Reached skill level 9 in Slings
 16522 | Orc:1    | Noticed an orc knight
 16566 | D:9      | Killed an orc knight
 16853 | Orc:1    | Noticed an orc knight
 16858 | Orc:1    | Reached ***** piety under Okawaru
 16883 | Orc:1    | Reached skill level 10 in Slings
 16886 | Orc:1    | HP: 4/126 [orc knight/+0 long sword (15)]
 16887 | Orc:1    | HP: 1/126 [orc knight/+0 long sword (3)]
 16888 | Orc:1    | Slain by an orc knight

Illustrated notes

Levels and vault maps discovered:
D:1:      dpeg_arrival_tiny_f, layout_loops_corners
D:2:      layout_basic, fedhas_altar_fruit_tree
D:3:      layout_rooms, chequers_jeans
D:4:      layout_loops_ring, temple_statues, first_ration,
          chequers_serial_rivers_micro_a, minmay_door_square
D:5:      layout_cave_pools, portal_sewer_entry_a, serial_shops,
          nicolae_shop_behind_doors, uniq_pikel, uniq_grinder
D:6:      layout_loops_ring, elyvilon_altar_5, nicolae_qazlal_style_of_elements,
          serial_shops, shop, minmay_ruined_shrine
D:7:      layout_basic, grunt_temple_overflow_gold_and_silver,
          vehumet_altar_wand_db, regret_index_temple_of_mockery,
          yredelemnul_altar_generic, basic_altar
D:8:      layout_basic, nicolae_overflow_hidden_temple, special_room
          [special_room_orc], uniq_psyche
D:9:      layout_basic, david_orc_2, serial_shops, shop_fountains,
          grunt_ogre_cave
Temple:   dshaligram_water_room_temple
Orc:1:    layout_caves, nicolae_orc_bridge_out, elves_outpost_lemuel, uniq_urug

Skill      XL: |  1  2  3  4  5  6  7  8  9 10 |
---------------+-------------------------------+-----
Short Blades   | 3 4 5 6 8 |  8.0
Fighting       | 3 |  3.0
Shields        | 3 |  3.0
Dodging        | 1 3 |  3.0
Evocations     | 3 |  3.0
Slings         | 1 4 7 10 | 10.0
Invocations    | 1 4 6 8 |  8.0
Armour         | 3 |  3.0

Action                   |  1- 3 |  4- 6 |  7- 9 | 10-12 || total
-------------------------+-------+-------+-------+-------++-------
Melee: Rapier            |   111 |   242 |   272 |     4 ||   629
       Scimitar          |       |       |       |    59 ||    59
 Fire: Hunting sling     |       |       |   426 |   349 ||   775
Throw: Stone             |    30 |       |     4 |       ||    34
       Dart              |    14 |    89 |    82 |    79 ||   264
       Throwing net      |       |       |     1 |     4 ||     5
       Boomerang         |       |       |       |     3 ||     3
Invok: Heroism           |       |       |       |     1 ||     1
 Abil: Evoke Blink       |       |       |    38 |    20 ||    58
       Evoke Berserk Rag |       |       |       |     5 ||     5
Evoke: Wand              |       |       |     7 |     6 ||    13
  Use: Potion            |     2 |     2 |     2 |     2 ||     8
       Scroll            |     3 |     3 |     8 |     2 ||    16
 Stab: Distracted        |       |       |     1 |       ||     1
       Held in net/web   |       |       |     1 |       ||     1
       Sleeping          |       |       |       |     1 ||     1
  Eat: Chunk             |     3 |    13 |    12 |     9 ||    37
       Ration            |       |       |     4 |     2 ||     6
Armor: Scale mail        |    27 |       |       |       ||    27
       Ring mail         |    20 |    96 |   146 |    49 ||   311
       Skin              |       |       |       |    10 ||    10
Dodge: Dodged            |    38 |    76 |   159 |    67 ||   340
Block: Kite shield       |    47 |   115 |   204 |   140 ||   506
       Rpst.: Scimitar   |       |       |       |     5 ||     5

Table legend:
 A = Non-vault XP
 B = Vault XP
 C = Vault XP percentage of total XP
 D = Non-vault monster count
 E = Vault monster count
 F = Vault count percentage of total count
                 A         B        C        D         E       F
            +---------+---------+-------+---------+---------+-------
      Total |    8272 |    2320 |  21.9 |     212 |      89 |  29.6
            +---------+---------+-------+---------+---------+-------
        D:1 |      44 |       0 |   0.0 |      17 |       0 |   0.0
        D:2 |     155 |       0 |   0.0 |      28 |       0 |   0.0
        D:3 |     201 |       0 |   0.0 |      26 |       0 |   0.0
        D:4 |     176 |     903 |  83.7 |      15 |       2 |  11.8
        D:5 |     730 |      50 |   6.4 |      22 |       9 |  29.0
        D:6 |     694 |     317 |  31.4 |      13 |       5 |  27.8
        D:7 |     626 |     153 |  19.6 |      22 |       2 |   8.3
        D:8 |     794 |     349 |  30.5 |       8 |      15 |  65.2
        D:9 |    3547 |     142 |   3.8 |      39 |       8 |  17.0
      Orc:1 |    1305 |       0 |   0.0 |      22 |       0 |   0.0
      Sewer |       0 |     406 | 100.0 |       0 |      48 | 100.0
            +---------+---------+-------+---------+---------+-------
